 Dungeon Crawl Stone Soup version 0.30.1-11-g7821555f0a (webtiles) character file.

Game seed: 11584519146629028992

2 Chiseanne the Ducker (level 1, 0/15 HPs)
             Began as a Demonspawn Wanderer on Nov 28, 2023.
             Slain by a hobgoblin (2 damage)
             ... on level 1 of the Dungeon.
             The game lasted 00:00:52 (277 turns).

Chiseanne the Ducker (Demonspawn Wanderer)           Turns: 277, Time: 00:00:52

Health: 0/15       AC:  3    Str:  9    XL:     1   Next: 25%
Magic:  2/2        EV: 12    Int: 14    God:
Gold:   41         SH:  0    Dex: 14    Spells: 2/2 levels left

rFire   . . .        a - +0 rapier
rCold   . . .        (no shield)
rNeg    . . .        e - +0 robe
rPois   .            (no helmet)
rElec   .            (no cloak)
rCorr   .            (no gloves)
SInv    .            c - +0 pair of boots
Will    .....        (no amulet)
Stlth   +            (no ring)
HPRegen 0.22/turn    (no ring)
MPRegen 0.08/turn

%: no passive effects
@: no status effects
A: no striking features
a: no special abilities


You were on level 1 of the Dungeon.
You visited 1 branch of the dungeon, and saw 1 of its levels.

You collected 41 gold pieces.

Inventory:

Hand Weapons
 a - a +0 rapier (weapon)
 s - a +2 dagger
Missiles
 b - 4 curare-tipped darts (quivered)
 g - 6 atropa-tipped darts
Armour
 c - a +0 pair of boots (worn)
 e - a +0 robe (worn)
Scrolls
 d - a scroll of blinking
 f - a scroll of silence {unknown}
 h - a scroll of identify {unknown}
Potions
 i - a potion of heal wounds {unknown}
 j - a potion of curing {unknown}


   Skills:
 * Level 1.1 Fighting
 - Level 1.7 Throwing
 - Level 1.0 Armour
 * Level 2.7 Dodging
 - Level 1.0 Spellcasting
 - Level 1.0 Air Magic
 - Level 1.0 Evocations


You had 2 spell levels left.
You didn't know any spells.
Your spell library contained the following spells:

 Spells                   Type           Power      Damage    Failure   Level
 Poisonous Vapours        Pois/Air       4%         N/A       32%         2
 Static Discharge         Conj/Air       4%         2-3/arc   32%         2


Dungeon Overview and Level Annotations

Branches:
Dungeon (1/15)

Altars:

Shops:
D:1 =


Message History

The kobold barely misses you.
You closely miss the kobold.
The kobold is moderately wounded.
The kobold misses you.
You barely miss the kobold.
The kobold is moderately wounded.
The kobold closely misses you.
You closely miss the kobold.
The kobold is moderately wounded.
The kobold hits you with a +0 dagger. The hobgoblin hits you. x2
The kobold hits you but does no damage.
You closely miss the kobold.
The kobold is moderately wounded.
The kobold hits you with a +0 dagger. The hobgoblin hits you.
* * * LOW HITPOINT WARNING * * *
You are too injured to fight recklessly!
You are too injured to fight recklessly!
You are too injured to fight recklessly!
You are too injured to fight recklessly!
You are too injured to fight recklessly!
You are too injured to fight recklessly!
You are too injured to fight recklessly!
You are too injured to fight recklessly!
You are too injured to fight recklessly!
You are too injured to fight recklessly!
You are too injured to fight recklessly!
You are too injured to fight recklessly!
You are too injured to fight recklessly!
You are too injured to fight recklessly!
You closely miss the kobold.
The kobold is moderately wounded.
The kobold barely misses you. The hobgoblin hits you.
* * * LOW HITPOINT WARNING * * *
You completely miss the kobold.
The kobold is moderately wounded.
The kobold barely misses you. The hobgoblin closely misses you.
You hit the kobold.
The kobold is severely wounded.
The kobold barely misses you. The hobgoblin hits you.
You die...

###.####.#.##.#....#
#.#.##.###.############
#.#.##.# #.............
#.#.#..################
..#...........
###$..........
#...........
##..........
#..@g...... #.?.K......
.. #.......... ...
#.$[.......
..............
#.#############..
#............##..
#.....######.##.###
..#.....######.##...


You could see a hobgoblin and a kobold.

Vanquished Creatures
  2 bats (D:1)
2 creatures vanquished.

Notes
Turn   | Place    | Note
-------+----------+-------------------------------------------
     0 | D:1      | Chiseanne the Demonspawn Wanderer began the quest for the
                  | Orb.
     0 | D:1      | Chiseanne set off with the following items: a +2 dagger, 4
                  | curare-tipped darts, a +0 pair of boots, a scroll of
                  | blinking, a +0 robe; and the following spells available to
                  | memorise: Poisonous Vapours, Static Discharge.
     0 | D:1      | Reached XP level 1. HP: 15/15 MP: 2/2
    46 | D:1      | Found Hatturun's One-of-a-Kind Rings.
   277 | D:1      | Slain by a hobgoblin

Illustrated notes

Levels and vault maps discovered:
D:1:      dpeg_arrival_tiny_f, layout_basic, nicolae_shop_unique_rings

Action                     || total
---------------------------++-------
  Melee: Rapier            ||    17
 Armour: Robe              ||     8
  Dodge: Dodged            ||    14
